 Dungeon Crawl Stone Soup version 0.30-a0-125-g51eefa89be (webtiles) character file.

Game seed: 7503079954991873446

8 ragingrage the Poker (level 2, -1/24 HPs)
             Began as a Demonspawn Cinder Acolyte on Sept 18, 2022.
             Was a High Priest of Ignis.
             Slain by a rat (3 damage)
             ... on level 1 of the Dungeon.
             The game lasted 00:00:31 (103 turns).

ragingrage the Poker (Demonspawn Cinder Acolyte)     Turns: 103, Time: 00:00:32

Health: -1/24      AC:  9    Str: 14    XL:     2   Next: 0%
Magic:  3/3        EV: 11    Int: 15    God:    Ignis [*****.]
Gold:   12         SH:  0    Dex:  8    Spells: 3/3 levels left

rFire   + + .      SeeInvis .    a - -1 spear (flame)
rCold   . . .      Faith    .    (no shield)
rNeg    . . .      Spirit   .    b - +0 robe
rPois   .          Reflect  .    (no helmet)
rElec   .          Harm     .    (no cloak)
rCorr   .          Rampage  .    (no gloves)
Will    .....                    (no boots)
Stlth   +.........               (no amulet)
HPRegen 0.08/turn                d - ring of protection from fire
MPRegen 0.08/turn                (no ring)

@: fiery-armoured
A: demonic guardian 1
a: Renounce Religion, Fiery Armour, Foxfire Swarm, Rising Flame


You were on level 1 of the Dungeon.
You worshipped Ignis.
Ignis was extremely pleased with you.
You visited 1 branch of the dungeon, and saw 1 of its levels.

You collected 12 gold pieces.

Inventory:

Hand Weapons
 a - a -1 spear of flaming (weapon)
Armour
 b - a +0 robe (worn)
Jewellery
 d - a ring of protection from fire (left hand)
Scrolls
 e - a scroll of identify {unknown}
Potions
 c - a potion of curing


   Skills:
 - Level 3.0 Fighting
 + Level 3.2 Polearms
 - Level 1.0 Spellcasting
 - Level 2.6 Fire Magic


You had 3 spell levels left.
You didn't know any spells.
Your spell library contained the following spells:

 Spells                   Type           Power      Damage    Failure   Level
 Scorch                   Fire           16%        2d5       12%         2


Dungeon Overview and Level Annotations

Branches:
Dungeon (1/15)

Altars:


Innate Abilities, Weirdness & Mutations

A weak demonic guardian rushes to your aid.


Message History

The rat bites you but does no damage.
The giant cockroach bites you but does no damage.
The jackal bites you but does no damage.
A protective cloak of flame settles atop you.
The jackal closely misses you.
The giant cockroach completely misses you.
The jackal closely misses you. The rat closely misses you.
The goblin hits you but does no damage.
The goblin is burned by your cloak of flames.
You kill the goblin!
Your Polearms skill increases to level 3!
You hit the giant cockroach. You burn the giant cockroach.
Your punch misses the giant cockroach.
The giant cockroach is almost dead.
The jackal bites you but does no damage.
The jackal is burned by your cloak of flames.
The jackal is lightly wounded.
The jackal bites you.
* * * LOW HITPOINT WARNING * * *
The jackal is burned by your cloak of flames.
The jackal is heavily wounded.
The jackal bites you.
* * * LOW HITPOINT WARNING * * *
The jackal is burned by your cloak of flames.
You kill the jackal!
The giant cockroach closely misses you. The rat closely misses you.
The jackal bites you but does no damage.
The jackal is burned by your cloak of flames.
The jackal is almost dead.
The jackal bites you but does no damage.
The jackal is burned by your cloak of flames.
You kill the jackal!
The giant cockroach bites you but does no damage.
The giant cockroach is burned by your cloak of flames.
You kill the giant cockroach!
You have reached level 2!
Your demonic ancestry asserts itself...
You feel the presence of a demonic guardian.
The rat attacks as you move away! The rat bites you.
You die...

........ ..........).#
.. ............ ..
............ .#
......#...# .#
........$# .# ........#
.# #####...## #####.##
#####..Kg####Khr@..#
#.....##..##.KghB.......
..#.#.........gg.....##.
.....................#
#.....#####......>.....
#.....# #..........##.
#.....# #..........#
#...[.# ##........##
####### #........


You could see 2 jackals, a giant cockroach, 2 hobgoblins, a goblin, 2 kobolds
and a rat.

Vanquished Creatures
  An endoplasm (D:1)
  A giant cockroach (D:1)
  2 jackals (D:1)
  A kobold (D:1)
  A frilled lizard (D:1)
  A goblin (D:1)
7 creatures vanquished.

Notes
Turn   | Place    | Note
-------+----------+-------------------------------------------
     0 | D:1      | ragingrage the Demonspawn Cinder Acolyte began the quest
                  | for the Orb.
     0 | D:1      | Reached XP level 1. HP: 18/18 MP: 2/2
   103 | D:1      | Gained mutation: A weak demonic guardian rushes to your
                  | aid. [demonic ancestry]
   103 | D:1      | Reached XP level 2. HP: 2/24 MP: 3/3
   103 | D:1      | Slain by a rat

Illustrated notes

Levels and vault maps discovered:
D:1:      ldierk_walled_garden, layout_rooms

Skill      XL: |  1 |
---------------+----+-----
Polearms       | 3 |  3.2
Fighting       | |  3.0
Spellcasting   | |  1.0
Fire Magic     | |  2.6

Action                   || total
-------------------------++-------
Melee: Spear             ||    16
Invok: Fiery Armour      ||     1
  Use: Potion            ||     1
Armor: Robe              ||    14
Dodge: Dodged            ||    17

Table legend: (Time is in decaauts)
 A = Elapsed time spent in this place.
 B = Non-inter-level travel time spent in this place.
 C = Inter-level travel time spent in this place.
 D = Time resting spent in this place.
 E = Time spent auto-exploring this place.
 F = Levels seen in this place.
 G = Mean time per level.
                   A        B        C        D        E       F      G
               +--------+--------+--------+--------+--------+-----+--------+
         Total |    101 |     98 |      3 |      0 |     40 |   1 |  101.0 |
       Dungeon |    101 |     98 |      3 |      0 |     40 |   1 |  101.0 |
               +--------+--------+--------+--------+--------+-----+--------+

Top non-repeatable levels by time:
     D:1: 101 daAuts
